 Dungeon Crawl Stone Soup version 0.28-b1-70-g80dc712255 (webtiles) character file.

Game seed: 8448971565337281034

9 Prodoman the Magician (level 2, -1/19 HPs)
             Began as a Demonspawn Hedge Wizard on Feb 4, 2022.
             Slain by a jackal (2 damage)
             ... on level 1 of the Dungeon.
             The game lasted 00:01:47 (448 turns).

Prodoman the Magician (Demonspawn Hedge Wizard)      Turns: 448, Time: 00:01:49

Health: -1/19      AC:  2    Str: 10    XL:     2   Next: 6%
Magic:  0/6        EV: 12    Int: 15    God:
Gold:   0          SH:  0    Dex: 12    Spells: 6/7 levels left

rFire   . . .      SeeInvis .   a - +0 dagger
rCold   . . .      Faith    .   (no shield)
rNeg    . . .      Spirit   .   b - +0 robe
rPois   .          Reflect  .   c - +0 hat
rElec   .          Harm     .   (no cloak)
rCorr   .          Rampage  .   (no gloves)
Will    .....                   (no boots)
Stlth   ++........              (no amulet)
HPRegen 0.06/turn               (no ring)
MPRegen 0.10/turn               (no ring)

@: very slightly contaminated, hasted, very quick
A: weakness stinger 1
a: no special abilities


You were on level 1 of the Dungeon.
You visited 1 branch of the dungeon, and saw 1 of its levels.

Inventory:

Hand Weapons
 a - a +0 dagger (weapon)
Armour
 b - a +0 robe (worn)
 c - a +0 hat (worn)


   Skills:
 + Level 1.9 Dodging
 + Level 1.9 Stealth
 + Level 3.0 Spellcasting
 + Level 1.2 Conjurations
 + Level 1.2 Summonings
 + Level 1.1 Translocations


You had 6 spell levels left.
You knew the following spells:

 Your Spells              Type           Power      Damage    Failure   Level
a - Magic Dart            Conj           24%        1d4       12%         1

Your spell library contained the following spells:

 Spells                   Type           Power      Damage    Failure   Level
 Blink                    Tloc           10%        N/A       19%         2
 Call Imp                 Summ           5%         N/A       19%         2
 Slow                     Hex            8%         N/A       21%         1
 Conjure Flame            Conj/Fire      4%         6-21      43%         3
 Mephitic Cloud           Conj/Pois/Air  3%         N/A       45%         3


Dungeon Overview and Level Annotations

Branches:
Dungeon (1/15)

Altars:


Innate Abilities, Weirdness & Mutations

You have a small tail.


Message History

Press: ? - help, Dir - move target, f/p - jackal
Aim: a jackal (about 45% to evade your +0 dagger)
You closely miss the jackal. The jackal barely misses you.
Hit: a) +0 dagger
Press: ? - help, Dir - move target, f/p - jackal
Aim: a jackal (about 45% to evade your +0 dagger)
You barely miss the jackal. The jackal closely misses you.
Casting: Magic Dart (safe; 12% risk of failure)
Confirm with . or Enter, or press ? or * to list all spells.
Aiming: Magic Dart (safe; 12% risk of failure)
Press: ? - help, Shift-Dir - straight line, f/p - jackal
Aim: a jackal (100% to hit)
You miscast Magic Dart.
You are very lightly contaminated with residual magic.
Nothing appears to happen.
The jackal misses you.
Hit: a) +0 dagger
Press: ? - help, Dir - move target, f/p - jackal
Aim: a jackal (about 45% to evade your +0 dagger)
You closely miss the jackal.
The jackal bites you but does no damage.
Hit: a) +0 dagger
Press: ? - help, Dir - move target, f/p - jackal
Aim: a jackal (about 45% to evade your +0 dagger)
You hit the jackal.
Your tail-slap misses the jackal.
The jackal is severely wounded.
The jackal bites you.
* * * LOW HITPOINT WARNING * * *
Hit: a) +0 dagger
Press: ? - help, Dir - move target, f/p - jackal
Aim: a jackal (severely wounded, about 45% to evade your +0 dagger)
You closely miss the jackal.
The jackal is severely wounded.
The jackal bites you but does no damage.
Hit: a) +0 dagger
Press: ? - help, Dir - move target, f/p - jackal
Aim: a jackal (severely wounded, about 45% to evade your +0 dagger)
You barely miss the jackal. You punch the jackal, but do no damage.
The jackal is severely wounded.
The jackal bites you.
You die...

### ..# .## .#
.#################
.................#
################@#
#h# #(# ..# .## ..
.. ... g##


You could see a jackal.

Vanquished Creatures
  An endoplasm (D:1)
  2 jackals (D:1)
  4 kobolds (D:1)
  A quokka (D:1)
8 creatures vanquished.

Notes
Turn   | Place    | Note
-------+----------+-------------------------------------------
     0 | D:1      | Prodoman the Demonspawn Hedge Wizard began the quest for
                  | the Orb.
     0 | D:1      | Reached XP level 1. HP: 13/13 MP: 4/4
   112 | D:1      | Reached skill level 1 in Translocations
   436 | D:1      | Gained mutation: You have a small tail. [demonic ancestry]
   436 | D:1      | Reached XP level 2. HP: 3/19 MP: 0/6
   448 | D:1      | Slain by a jackal

Illustrated notes

Levels and vault maps discovered:
D:1:      lightli_arrival_statue_moat, layout_basic

Skill      XL: |  1 |
---------------+----+-----
Translocations | 1 |  1.1
Dodging        | |  1.9
Stealth        | |  1.9
Spellcasting   | |  3.0
Conjurations   | |  1.2
Summonings     | |  1.2

Action                   || total
-------------------------++-------
Melee: Dagger            ||    32
       Punch             ||     2
 Cast: Magic Dart        ||    14
  Use: Potion            ||     1
Armor: Robe              ||     5
Dodge: Dodged            ||    16
